 Dungeon Crawl Stone Soup version 0.29-a0-1016-g236c7fd91e (webtiles) character file.

Game seed: 8670932225397910038

34788 iguanaiguana the Grappler (level 13, 0/127 HPs)
             Began as a Troll Cinder Acolyte on Aug 9, 2022.
             Was an Initiate of Ignis.
             Slain by an eight-headed hydra (4 damage)
             ... on level 5 of the Lair of Beasts on Aug 10, 2022.
             The game lasted 00:52:14 (5838 turns).

iguanaiguana the Grappler (Troll Cinder Acolyte)    Turns: 5838, Time: 00:52:14

Health: 0/127      AC: 11    Str: 29    XL:     13   Next: 44%
Magic:  22/22      EV: 10    Int: 10    God:    Ignis [......]
Gold:   581        SH:  0    Dex:  5    Spells: 14/14 levels left

rFire   + . .      SeeInvis .     - Unarmed
rCold   . . .      Faith    .   (no shield)
rNeg    . . .      Spirit   .   B - +1 troll leather armour
rPois   .          Reflect  .   (helmet restricted)
rElec   .          Harm     .   h - +2 cloak
rCorr   .          Rampage  .   (gloves unavailable)
Will    .....                   (boots unavailable)
Stlth   +.........              (no amulet)
HPRegen 1.91/turn               f - ring of magical power
MPRegen 0.18/turn               (no ring)

@: invisible
A: large, unfitting armour, claws 3, regeneration 1, shaggy fur 1, tough skin 1
a: Renounce Religion, Rising Flame


You were on level 5 of the Lair of Beasts.
You worshipped Ignis.
Ignis was noncommittal.
You visited 3 branches of the dungeon, and saw 16 of its levels.
You also visited: Bailey.

You collected 581 gold pieces.

Inventory:

Hand Weapons
 u - a +0 quarterstaff
 A - the +4 war axe "Utsunuif" {flame, rC++ rN+ Dex+6}
   (You found it in a bailey)

   It burns those it strikes, dealing additional fire damage.
   Big, fiery blades are also staple armaments of hydra-hunters.
   Dex:       It affects your dexterity (+6).
   rC:        It greatly protects you from cold.
   rN:        It protects you from negative energy.
Missiles
 v - 5 curare-tipped darts
 y - 2 javelins
 z - 9 boomerangs (quivered)
 H - 4 poisoned darts
Armour
 a - a +0 robe
 d - an orb of mayhem
 h - a +2 cloak (worn)
 B - a +1 troll leather armour (worn)
Magical Staves
 l - a staff of poison
 D - a staff of cold
Jewellery
 f - a ring of magical power (left claw)
 s - an amulet of faith
Wands
 m - a wand of digging (12) {@v3}
Scrolls
 b - a scroll of enchant weapon
 g - a scroll of brand weapon
 n - 2 scrolls of fog
 q - 2 scrolls of silence
 r - a scroll of poison
 w - 2 scrolls of teleportation {@r3}
 I - a scroll of immolation
 K - a scroll of magic mapping {unknown}
Potions
 c - 2 potions of might {@q3}
 e - a potion of cancellation
 i - 2 potions of mutation
 k - 2 potions of resistance {@q5}
 o - a potion of flight
 p - 2 potions of invisibility
 t - 7 potions of curing {@q1}
 x - a potion of brilliance
 J - a potion of lignification
Miscellaneous
 C - a phial of floods
 E - a box of beasts (inert)
 F - a lightning rod (4/4)
 G - a condenser vane (inert)


   Skills:
 - Level 8.0 Fighting
 - Level 8.8 Throwing
 - Level 6.0 Armour
 - Level 6.0 Dodging
 - Level 3.0 Stealth
 + Level 12.4 Unarmed Combat
 - Level 1.0 Spellcasting
 - Level 2.1 Fire Magic
 - Level 8.0 Evocations


You had 14 spell levels left.
You didn't know any spells.
Your spell library contained the following spells:

 Spells                   Type           Power      Damage    Failure   Level
 Scorch                   Fire           8%         2d5       24%         2
 Leda's Liquefaction      Hex/Erth       0%         N/A       98%         4
 Lee's Rapid Deconstruct  Erth           0%         3d5*      100%        5
 Statue Form              Tmut/Erth      0%         N/A       100%        6


Dungeon Overview and Level Annotations

Branches:
Dungeon (10/15) Zot: 26752  Temple (1/1) D:5 Zot: 5998    Lair (5/5) D:8 Zot: 26229
  Swamp (0/4) Lair:2       Spider (0/4) Lair:3       Bailey (visited)
  Slime: Lair:4-5       Orc: D:9-12

Altars:
Ru
Xom

Shops:
D:2 (

Annotations:
D:7 1 transporter, frimble's ghost, novice DsEE
D:10 Harold
Lair:1 3 exclusions
Lair:2 1 runed translucent door, xian's ghost, journeyman BaIE
Lair:3 exclusion: downstairs
Lair:5 exclusion: electric eel


Innate Abilities, Weirdness & Mutations

You are too large for most types of armour.
You have claws for hands.
Your natural rate of healing is unusually fast.
You are covered in fur. (AC +1)
You have tough skin. (AC +1)


Message History

* * * LOW HITPOINT WARNING * * *
The eight-headed hydra bites you!
* * * LOW HITPOINT WARNING * * *
The eight-headed hydra bites you.
* * * LOW HITPOINT WARNING * * *
The eight-headed hydra bites you.
* * * LOW HITPOINT WARNING * * *
The eight-headed hydra bites you.
* * * LOW HITPOINT WARNING * * *
Throw: 3 javelins
Press: ? - help, Shift-Dir - straight line, f/p - eight-headed hydra
Aim: an eight-headed hydra (heavily wounded, 79% to hit)
You throw a javelin.
The javelin pierces through the eight-headed hydra!
The eight-headed hydra is heavily wounded.
The javelin pierces through the butterfly!!
You kill the butterfly!
The eight-headed hydra bites you!
* * * LOW HITPOINT WARNING * * *
The eight-headed hydra bites you.
* * * LOW HITPOINT WARNING * * *
You feel much better. The eight-headed hydra bites you.
* * * LOW HITPOINT WARNING * * *
The eight-headed hydra bites you!
* * * LOW HITPOINT WARNING * * *
The eight-headed hydra bites you.
* * * LOW HITPOINT WARNING * * *
Okay, then.
Okay, then.
Okay, then.
Okay, then.
You fade into invisibility!
The eight-headed hydra bites you.
* * * LOW HITPOINT WARNING * * *
The eight-headed hydra bites you.
* * * LOW HITPOINT WARNING * * *
The eight-headed hydra bites you.
* * * LOW HITPOINT WARNING * * *
The eight-headed hydra bites you.
You die...

..#.### #........
..............##........
................#.........
..........................
..........................
..........................
...........P....#.........
.................#........
..(.....D@........^.......
..........................
...P##(.........P##...##.#
. #......#..........####
......................###
................#.....#..
......$..........#....#..#
................####......
.........#..##..# .......


You could see an eight-headed hydra (unable to see you).

Vanquished Creatures
  An ice dragon (Lair:2)
  A hydra (Lair:2)
  3 catoblepae
  A two-headed ogre (D:8)
  6 death yaks (Lair:4)
  Urug (D:10)
  2 manticores (Lair:4)
  11 elephants
  10 cane toads
  An ice statue (Lair:2)
  6 black mambas
  3 komodo dragons
  A rime drake (Lair:1)
  3 polar bears
  17 blink frogs
  Sigmund (D:4)
  28 yaks
  A wraith (D:10)
  3 wyverns
  2 redbacks (Lair:3)
  3 swamp worms (Lair:2)
  Menkaure (D:4)
  10 water moccasins
  9 orc warriors
  2 black bears
  6 ice beasts
  An ogre (D:6)
  13 wolves
  2 phantoms (D:5)
  2 kobold brigands (D:7)
  7 bullfrogs
  2 scorpions
  3 wights (D:7)
  4 killer bees (D:9)
  A jelly (D:6)
  An orc priest (D:8)
  A hound (D:5)
  An iguana (D:7)
  An orc wizard (D:10)
  Robin (D:4)
  9 gnolls
  2 adders
  4 white imps
  2 worms (D:2)
  2 dart slugs
  14 orcs
  3 endoplasms
  3 giant cockroaches
  9 goblins
  5 hobgoblins
  24 kobolds
  4 quokkas
  3 ball pythons
  4 bats
  2 frilled lizards
  A butterfly (Lair:5)
264 creatures vanquished.

Vanquished Creatures (collateral kills)
  A hydra (Lair:5)
  2 elephants
  A black mamba (Lair:2)
  A komodo dragon (Lair:2)
  A cane toad (Lair:2)
  A blink frog (Lair:5)
7 creatures vanquished.

Vanquished Creatures (others)
  111 foxfires
  16 fungi
  28 plants
155 creatures vanquished.

Grand Total: 426 creatures vanquished

Notes
Turn   | Place    | Note
-------+----------+-------------------------------------------
     0 | D:1      | iguanaiguana the Troll Cinder Acolyte began the quest for
                  | the Orb.
     0 | D:1      | Reached XP level 1. HP: 22/22 MP: 1/1
    37 | D:1      | Reached XP level 2. HP: 28/29 MP: 2/2
    62 | D:1      | You fall into a shaft and drop 1 floor!
   163 | D:2      | Reached skill level 4 in Unarmed Combat
   244 | D:2      | Found Moxkiw's Weapon Emporium.
   252 | D:2      | Reached XP level 3. HP: 34/36 MP: 3/3
   321 | D:2      | Found a sacrificial altar of Ru.
   521 | D:4      | Noticed Sigmund
   524 | D:4      | Noticed Menkaure
   529 | D:4      | Killed Sigmund
   530 | D:4      | Reached skill level 6 in Unarmed Combat
   530 | D:4      | Reached XP level 4. HP: 44/44 MP: 4/4
   530 | D:4      | Reached XP level 5. HP: 50/50 MP: 5/5
   530 | D:4      | Killed Menkaure
   531 | D:4      | Reached skill level 1 in Dodging
   531 | D:4      | Reached XP level 6. HP: 61/61 MP: 6/6
   794 | D:4      | Noticed Robin
   813 | D:4      | Killed Robin
   827 | D:5      | Entered Level 5 of the Dungeon
   910 | D:6      | Reached XP level 7. HP: 59/70 MP: 7/7
   962 | D:5      | Found a staircase to the Ecumenical Temple.
   987 | Temple   | Entered the Ecumenical Temple
  1030 | D:5      | Reached skill level 7 in Unarmed Combat
  1533 | D:8      | Reached skill level 8 in Unarmed Combat
  1533 | D:8      | Reached XP level 8. HP: 78/78 MP: 8/8
  1644 | D:7      | Found a transporter.
  1651 | D:7      | Noticed a slime creature
  1655 | D:7      | Noticed a slime creature
  1656 | D:7      | Noticed frimble's ghost (novice DsEE)
  1669 | D:7      | Reached skill level 9 in Unarmed Combat
  2037 | D:8      | Noticed a two-headed ogre
  2042 | D:8      | Killed a two-headed ogre
  2043 | D:8      | Reached skill level 10 in Unarmed Combat
  2043 | D:8      | Reached XP level 9. HP: 45/84 MP: 9/9
  2057 | D:8      | Found a staircase to the Lair.
  2081 | Lair:1   | Entered Level 1 of the Lair of Beasts
  2117 | Lair:1   | Noticed a cane toad
  2128 | Lair:1   | Killed a cane toad
  2323 | D:10     | Entered Level 10 of the Dungeon
  2336 | D:10     | Noticed Urug
  2353 | D:10     | Killed Urug
  2354 | D:10     | Reached skill level 5 in Fighting
  2455 | D:10     | Found a flagged portal.
  2502 | Bailey   | Entered a bailey
  2701 | Bailey   | Reached skill level 5 in Throwing
  2726 | Bailey   | Identified the +4 war axe "Utsunuif" {flame, rC++ rN+
                  | Dex+6}
  2746 | Bailey   | Reached XP level 10. HP: 94/98 MP: 10/10
  2864 | D:10     | Noticed Harold
  2944 | Lair:1   | Noticed a black mamba
  2954 | Lair:1   | HP: 2/98 [black mamba (6)]
  2956 | Lair:1   | Killed a black mamba
  3489 | Lair:2   | Found a runed translucent door.
  3529 | Lair:2   | Reached XP level 11. HP: 89/111 MP: 11/11
  3539 | Lair:2   | Noticed an ice dragon
  3564 | Lair:2   | Killed an ice dragon
  3743 | Lair:2   | Found a shimmering altar of Xom.
  3743 | Lair:2   | Noticed a +2 great mace of chaos
  3743 | Lair:2   | Noticed xian's ghost (journeyman BaIE)
  3786 | Lair:2   | Noticed a five-headed hydra
  3792 | Lair:2   | Killed a five-headed hydra
  3793 | Lair:2   | Reached skill level 5 in Evocations
  3862 | Lair:2   | Found a staircase to the Swamp.
  4289 | Lair:3   | Reached XP level 12. HP: 79/119 MP: 12/12
  4300 | Lair:3   | Found a hole to the Spider Nest.
  4314 | Lair:4   | Noticed a catoblepas
  4314 | Lair:4   | Noticed a catoblepas
  4434 | Lair:4   | Noticed a death yak
  4434 | Lair:4   | Noticed a death yak
  4458 | Lair:4   | Killed a catoblepas
  4483 | Lair:4   | Killed a death yak
  4486 | Lair:4   | Killed a death yak
  4510 | Lair:4   | Noticed a death yak
  4537 | Lair:4   | Killed a death yak
  4538 | Lair:4   | Reached skill level 11 in Unarmed Combat
  4766 | Lair:4   | Killed a catoblepas
  4827 | Lair:4   | Reached skill level 12 in Unarmed Combat
  4831 | Lair:4   | Noticed a death yak
  4832 | Lair:4   | Noticed a death yak
  4832 | Lair:4   | Noticed a death yak
  4945 | Lair:4   | Killed a death yak
  4952 | Lair:4   | Killed a death yak
  4956 | Lair:4   | Killed a death yak
  5027 | Lair:5   | Entered Level 5 of the Lair of Beasts
  5058 | Lair:5   | Noticed a catoblepas
  5071 | Lair:5   | Killed a catoblepas
  5072 | Lair:5   | Reached skill level 5 in Armour
  5072 | Lair:5   | Reached skill level 5 in Dodging
  5223 | Lair:5   | Reached XP level 13. HP: 50/127 MP: 13/13
  5448 | Lair:5   | Reached skill level 1 in Stealth
  5836 | Lair:5   | HP: 3/127 [eight-headed hydra (4)]
  5838 | Lair:5   | Slain by an eight-headed hydra

Illustrated notes

Levels and vault maps discovered:
D:1:      wander_arrival_chamber, layout_basic, serial_shops,
          nicolae_shop_bloodbath_and_beyond, dreamdust_ecumenical_altar_grove,
          minmay_hexomino_p4
D:2:      layout_loops_ring, serial_shops,
          nicolae_shop_competitors_out_of_business, basic_altar,
          minmay_box_of_dots
D:3:      layout_loops_corners, uniq_terence
D:4:      nicolae_cairo_tiling_large_dashed, layout_basic, serial_curves,
          eino_curves_02, eino_curves_03, uniq_sigmund, uniq_robin,
          uniq_menkaure
D:5:      layout_loops_ring, minmay_temple_entry_large_hall,
          serial_bayou_lagoon_a, uniq_crazy_yiuf_cottage, uniq_blork_the_orc,
          uniq_pikel
D:6:      minmay_opposing_rooms, layout_rooms
D:7:      layout_layer_cave, nzn_ghost_randoct
D:8:      layout_loops_ring, lair_entry_dummy, wad_floor_pattern_untrapped,
          st_stairs_6
D:9:      layout_gridville, serial_park_tiny_2, minmay_strange_pillars,
          kennysheep_another_room, kennysheep_doodads, uniq_amaemon
D:10:     layout_grid_maze, mainiacjoe_overflow_six_doors_small, enter_bailey_2,
          minmay_misc_feat_enclosed, uniq_grum, uniq_urug, uniq_harold
Temple:   mainiacjoe_temple_hex_bubbles
Lair:1:   layout_loops_ring, fungi_pond_lemuel
Lair:2:   nzn_winding_woodlands_three_and_one [nzn_winding_woodlands_5x15_eye,
          nzn_winding_woodlands_5x15_default, nzn_winding_woodlands_5x15_twine,
          nzn_winding_woodlands_center_garden], layout_regular_city,
          minmay_swamp_entry_worms, ebering_ghost_xom, ice2_lemuel
Lair:3:   layout_regular_city, spider_nest_entry_webs, grunt_megastairs_2
Lair:4:   nzn_motion_control, layout_big_grid
Lair:5:   grunt_lair_end_beastmaster, layout_gridlike, slime_entry_2,
          nicolae_lair_liquid_snakes, lemuel_fruit_fields

Skill      XL: |  1  2  3  4  5  6  7  8  9 10 11 12 13 |
---------------+----------------------------------------+-----
Unarmed Combat | 4 6 8 10 12 | 12.4
Fighting       | 3 4 5 8 |  8.0
Dodging        | 1 3 5 6 |  6.0
Throwing       | 4 5 8 |  8.8
Evocations     | 4 7 8 |  8.0
Armour         | 3 5 6 |  6.0
Stealth        | 3 |  3.0
Spellcasting   | |  1.0
Fire Magic     | |  2.1

Action                   |  1- 3 |  4- 6 |  7- 9 | 10-12 | 13-15 || total
-------------------------+-------+-------+-------+-------+-------++-------
Melee: Unarmed           |   103 |    44 |   212 |   432 |   141 ||   932
       Punch             |     1 |       |     2 |    24 |    12 ||    39
       War axe           |       |       |       |     7 |       ||     7
Throw: Dart              |       |       |     1 |    12 |       ||    13
       Boomerang         |       |       |       |    41 |    20 ||    61
       Javelin           |       |       |       |     6 |     9 ||    15
       Throwing net      |       |       |       |     1 |       ||     1
Invok: Foxfire Swarm     |     1 |     1 |     4 |       |       ||     6
       Fiery Armour      |     1 |       |     4 |       |       ||     5
Evoke: Wand              |       |       |     2 |       |       ||     2
       Lightning rod     |       |       |       |     7 |       ||     7
       Box of beasts     |       |       |       |     1 |     1 ||     2
       Phial of floods   |       |       |       |     1 |       ||     1
       Condenser vane    |       |       |       |       |     1 ||     1
  Use: Scroll            |       |       |       |    18 |     2 ||    20
       Potion            |       |       |       |     5 |     2 ||     7
 Stab: Invisible         |       |       |       |     2 |       ||     2
       Petrified         |       |       |       |     2 |       ||     2
Armor: Robe              |    38 |    17 |    81 |     3 |       ||   139
       Troll leather arm |       |       |       |   159 |    80 ||   239
Dodge: Dodged            |    46 |    14 |   109 |   189 |    85 ||   443

Table legend: (Time is in decaauts)
 A = Elapsed time spent in this place.
 B = Non-inter-level travel time spent in this place.
 C = Inter-level travel time spent in this place.
 D = Time resting spent in this place.
 E = Time spent auto-exploring this place.
 F = Levels seen in this place.
 G = Mean time per level.
                   A        B        C        D        E       F      G
               +--------+--------+--------+--------+--------+-----+--------+
         Total |   5701 |   2431 |   3270 |     36 |      0 |  17 |  335.4 |
       Dungeon |   2469 |    748 |   1721 |      0 |      0 |  10 |  246.9 |
        Temple |      1 |      1 |      0 |      0 |      0 |   1 |    1.0 |
          Lair |   2879 |   1331 |   1548 |     36 |      0 |   5 |  575.8 |
        Bailey |    351 |    351 |      0 |      0 |      0 |   1 |  351.0 |
               +--------+--------+--------+--------+--------+-----+--------+

Top non-repeatable levels by time:
  Lair:4: 840 daAuts
     D:7: 571 daAuts
  Lair:2: 563 daAuts
  Lair:1: 521 daAuts
  Lair:5: 506 daAuts
  Lair:3: 446 daAuts
     D:8: 403 daAuts
  Bailey: 351 daAuts
     D:4: 316 daAuts
     D:5: 236 daAuts
     D:2: 223 daAuts
    D:10: 193 daAuts
     D:3: 184 daAuts
     D:6: 141 daAuts
     D:9: 107 daAuts
